 Dungeon Crawl Stone Soup version 0.22.1-1-ga44c0e5 (webtiles) character file.

89516 dvd the Cleaver (level 15, -15/101 HPs)
             Began as a Demonspawn Fighter on Oct 14, 2018.
             Was the Champion of Cheibriados.
             Killed from afar by a war gargoyle (42 damage)
             ... with a spray of metal splinters
             ... on level 14 of the Dungeon.
             The game lasted 01:28:59 (24912 turns).

dvd the Cleaver (Demonspawn Fighter)               Turns: 24912, Time: 01:29:00

Health: -15/101    AC: 23    Str: 39    XL:     15   Next: 49%
Magic:  19/31      EV: 18    Int: 27    God:    Cheibriados [******]
Gold:   767        SH: 21    Dex: 39    Spells: 14/27 levels left

rFire    + . .     SeeInvis +   a - +9 hand axe (elec)
rCold    + . .     Gourm    .   Q - +1 shield of Grot {rCorr Str+6 SInv Stlth-}
rNeg     + + .     Faith    .   g - +2 chain mail {rF+}
rPois    +         Spirit   .   z - +1 helmet
rElec    .         Reflect  +   k - +2 cloak
rCorr    +         Harm     .   G - +0 pair of gloves
MR       +....                  v - +2 pair of boots
Stlth    ++........             w - +3 amulet of reflection
HPRegen  0.26/turn              C - ring of the Wild Haggis {Ice rN+ Dex+7}
MPRegen  0.22/turn              x - ring of Iwatun {rPois rF+ rN+ MP+9 Dex+2}

@: very slightly contaminated, very slow
A: talons 2, see invisible, frail 1, low mp 1, nightstalker 1, powered by pain
2, sturdy frame 3
a: Bend Time, Temporal Distortion, Slouch, Step From Time, Renounce Religion


You were on level 14 of the Dungeon.
You worshipped Cheibriados.
Cheibriados was exalted by your worship.
You were not hungry.

You visited 3 branches of the dungeon, and saw 22 of its levels.
You also visited: Labyrinth.

You collected 2625 gold pieces.
You spent 1858 gold pieces at shops.

Inventory:

Hand Weapons
 a - a +9 hand axe of electrocution (weapon)
 b - a +4 war axe of chopping
 c - the +1 morningstar of Ashenzari's Fury {crush, Str+6 Int-3}
   (You bought it in a shop on level 2 of the Orcish Mines)

   It inflicts extra damage upon your enemies.
   It affects your strength (+6).
   It affects your intelligence (-3).
 B - a +3 flail of crushing
 M - the +6 mace "Zeinn" {freeze, rC+}
   (You found it on level 11 of the Dungeon)

   It has been specially enchanted to freeze those struck by it, causing extra
   injury to most foes and up to half again as much damage against particularly
   susceptible opponents.
   It can also slow down cold-blooded creatures.
   It protects you from cold.
Missiles
 L - 24 tomahawks (quivered)
 T - 19 poisoned javelins
Armour
 g - a +2 chain mail of fire resistance (worn)
 i - a scarf of repulsion
 k - a +2 cloak (worn)
 v - a +2 pair of boots (worn)
 z - a +1 helmet (worn)
 G - a +0 pair of gloves (worn)
 J - the +0 ring mail of Death's Door {rF++ Int+4}
   (You bought it in a shop on level 2 of the Orcish Mines)

   It affects your intelligence (+4).
   It greatly protects you from fire.
 Q - the +1 shield of Grot (worn) {rCorr Str+6 SInv Stlth-}
   (You bought it in a shop on level 2 of the Orcish Mines)

   It affects your strength (+6).
   It lets you see invisible.
   It provides partial protection from all sources of acid and corrosion.
   It makes you less stealthy.
Jewellery
 e - an uncursed ring of protection from cold
 w - a +3 amulet of reflection (around neck)
 x - the ring of Iwatun (right hand) {rPois rF+ rN+ MP+9 Dex+2}
   (You bought it in a shop on level 2 of the Orcish Mines)

   [ring of magical power]

   It affects your dexterity (+2).
   It protects you from fire.
   It protects you from poison.
   It protects you from negative energy.
   It affects your magic capacity (+9).
 C - the ring of the Wild Haggis (left hand) {Ice rN+ Dex+7}
   (You bought it in a shop on level 2 of the Orcish Mines)

   [ring of ice]

   It enhances your ice magic.
   It affects your dexterity (+7).
   It makes you vulnerable to fire.
   It protects you from cold.
   It protects you from negative energy.
 N - the ring of Goufed {Str-5 Int+3 Dex+5 SInv}
   (You found it on level 11 of the Dungeon)

   [ring of see invisible]

   It affects your strength (-5).
   It affects your intelligence (+3).
   It affects your dexterity (+5).
   It lets you see invisible.
 O - a +3 ring of protection
Wands
 d - a wand of enslavement (27)
 m - a wand of iceblast (23)
 s - a wand of clouds (4)
 t - a wand of acid (9)
 y - a wand of polymorph (9)
 E - a wand of flame (85)
 F - a wand of scattershot (15)
 P - a wand of digging (15)
 R - a wand of paralysis (52)
 S - a wand of disintegration (14)
Scrolls
 h - 21 scrolls of identify
 j - 5 scrolls of remove curse
 q - 4 scrolls of magic mapping
 I - a scroll of blinking
 U - a scroll of fog
 W - a scroll of amnesia
 Y - a scroll of teleportation
 Z - 4 scrolls of fear
Potions
 n - 8 potions of flight
 o - 2 potions of brilliance
 p - 3 potions of heal wounds
 r - 4 potions of curing
 u - a potion of ambrosia
Comestibles
 f - 35 rations


   Skills:
 + Level 9.3 Fighting
 + Level 12.0(12.4) Axes
 + Level 5.8(9.7) Maces & Flails
 + Level 0.9 Throwing
 + Level 8.2 Armour
 + Level 7.1 Dodging
 + Level 5.6 Stealth
 + Level 11.4 Shields
 + Level 6.8 Spellcasting
 + Level 1.3 Conjurations
 + Level 1.0 Charms
 + Level 2.6 Translocations
 + Level 3.7 Air Magic
 + Level 0.3 Earth Magic
 + Level 6.0 Poison Magic
 + Level 11.9 Invocations
 + Level 0.3 Evocations


You had 14 spell levels left.
You knew the following spells:

 Your Spells              Type           Power        Failure   Level  Hunger
a - Poisonous Vapours     Pois/Air       #####.       3%          2    None
b - Shroud of Golubria    Chrm/Tloc      ###.......   10%         2    None
c - Olgreb's Toxic Radia  Pois           #####...     12%         4    ###....
d - Blink                 Tloc           N/A          7%          2    None
e - Stone Arrow           Conj/Erth      ##....       30%         3    None

Your spell library contained the following spells:

 Spells                   Type           Power        Failure   Level  Hunger
 Sting                    Conj/Pois      ####         3%          1    None
 Magic Dart               Conj           ###.         9%          1    None
 Mephitic Cloud           Conj/Pois/Air  ####....     10%         3    None
 Sandblast                Erth           ##....       12%         1    None
 Searing Ray              Conj           ###...       12%         2    None
 Spider Form              Tmut/Pois      ####......   12%         3    None
 Beastly Appendage        Tmut           #.....       14%         1    None
 Corona                   Hex            #......      14%         1    None
 Summon Small Mammal      Summ           #...         14%         1    None
 Gell's Gravitas          Tloc           ###.......   14%         3    None
 Lesser Beckoning         Tloc           ###.......   14%         3    None
 Teleport Other           Tloc           ###.....     14%         3    None
 Call Imp                 Summ           #.......     22%         2    None
 Slow                     Hex            #.......     22%         2    None
 Sticks to Snakes         Tmut           #.......     22%         2    None
 Portal Projectile        Hex/Tloc       ###...       24%         3    None
 Dazzling Spray           Conj/Hex       ##....       32%         3    None
 Call Canine Familiar     Summ           #.......     38%         3    None
 Inner Flame              Hex/Fire       #.......     38%         3    None
 Summon Guardian Golem    Hex/Summ       #.......     38%         3    None
 Passage of Golubria      Tloc           N/A          43%         4    ###....
 Force Lance              Conj/Tloc      ###.....     52%         4    ###....
 Summon Lightning Spire   Summ/Air       ###.....     54%         4    ###....
 Iskenderun's Mystic Bla  Conj           ###.....     63%         4    ###....
 Venom Bolt               Conj/Pois      ####......   65%         5    #####..
 Fulminant Prism          Conj/Hex       ##........   71%         4    ###....
 Leda's Liquefaction      Hex/Erth       ##........   78%         4    ###....
 Cause Fear               Hex            #.........   80%         4    ###....
 Ice Form                 Ice/Tmut       ##......     80%         4    ###....
 Summon Ice Beast         Ice/Summ       ##......     80%         4    ###....
 Iskenderun's Battlesphe  Conj/Chrm      ###.....     94%         5    #####..
 Bolt of Magma            Conj/Fire/Erth ##........   97%         5    #####..
 Blade Hands              Tmut           #.........   98%         5    #####..
 Iron Shot                Conj/Erth      ##........   100%        6    ######.
 Orb of Destruction       Conj           ###.......   100%        7    #######
 Spellforged Servitor     Conj/Summ      ##........   100%        7    #######


Dungeon Overview and Level Annotations

Branches:
Dungeon (14/15)            Temple (0/1) D:5            Lair (6/6) D:11
 Shoals (0/4) Lair:3        Snake (0/4) Lair:4        Slime (0/5) Lair:5
    Orc (2/2) D:12            Elf (0/3) Orc:2        Vaults (0/5) D:14

Altars:
Cheibriados
Dithmenos
Elyvilon
Gozag
Makhleb
Nemelex Xobeh
Ru
Vehumet
Xom
Yredelemnul
Beogh
Jiyva

Shops:
D:4 *   D:8 *=   D:10 (   Orc:2 *[=(

Annotations:
D:3 1 runed door, OwlQaeda's ghost, amateur DsIE


Innate Abilities, Weirdness & Mutations

You have razor-sharp toenails.
You are slightly more attuned to the shadows.
You sometimes gain power by taking damage.
Your movements are significantly less encumbered by armour. (ER -6)
You have supernaturally acute eyesight. (SInv)
You are frail. (-10% HP)
Your magical capacity is low. (-10% MP)


Message History

The death knight hits you with a broad axe!
* * * LOW HITPOINT WARNING * * *
The war gargoyle barely misses you.
You can feel time thicken for a moment.
You kill the troll!
Cheibriados appreciates the change of pace.
You kill the death knight!
Cheibriados appreciates the change of pace.
You feel somewhat more hungry.
The merfolk looks even sicker.
You block the war gargoyle's attack.
Unknown command.
You hit the war gargoyle but do no damage.
The war gargoyle is severely damaged.
You slash the merfolk! Lightning courses through the merfolk!
You kill the merfolk!
Cheibriados appreciates the change of pace.
You feel yourself speed up.
Your toxic aura wanes.
The war gargoyle launches metal splinters at you.
The spray of metal splinters hits you!
You die...

#...###..#[....#
...... #...#
#..#.....#
......
#...###..#.....#
......
........#######
######
.........#######
#...
...#####.#......
.....
...#####.....#
+.... .
.......)..##
#....
....(.@9.##
#....
.......#.8..$
#....
............$
....
###....#....$#
...
......#.8..$# ..
.......#.##.## (
.......#


You could see a war gargoyle.

Vanquished Creatures
  Gastronok (Orc:1)
  2 orc warlords
  A minotaur (Lab)
  Snorg (Lair:4)
  6 hydras
  4 vault guards (D:14)
  A centaur warrior (D:14)
  Erolcha (D:13)
  An ogre mage (D:14)
  A catoblepas (Lair:6)
  A death knight (D:14)
  A queen ant (Lair:2)
  A tengu warrior (D:14)
  3 two-headed ogres
  2 death yaks (Lair:3)
  5 orc high priests
  An unseen horror (D:14)
  2 phantasmal warriors (D:14)
  A lindwurm (Lair:4)
  Pikel (D:7)
  3 orc sorcerers
  8 orc knights
  An ugly thing (D:8)
  A manticore (Lair:3)
  The ghost of Bodigarde the Slinger, a novice HaHu of Okawaru (D:5)
  10 elephants
  2 molten gargoyles (Lair:3)
  2 torpor snails (Lair:3)
  2 black mambas (Lair:6)
  21 spiny frogs
  A gargoyle (D:12)
  3 rime drakes
  7 komodo dragons
  4 centaur skeletons
  A tengu conjurer (D:14)
  8 trolls
  A polar bear (Lair:6)
  A merfolk (shapeshifter) (D:14)
  3 slime creatures (D:13)
  27 blink frogs
  5 tyrant leeches (Lair:6)
  7 hippogriffs
  2 wraiths
  A shadow (D:14)
  56 yaks
  A vampire (D:13)
  A spriggan (D:7)
  3 wyverns
  A human (D:14)
  Eustachio (D:5)
  4 basilisks
  7 hungry ghosts
  Grum (D:9)
  6 vampire mosquitoes (Lair:6)
  A warg (Orc:2)
  Edmund (D:4)
  3 nagas (Lair:4)
  8 water moccasins
  20 soldier ants (Lair:2)
  An acid dragon (D:14)
  10 porcupines
  9 sky beasts
  3 slaves (D:7)
  43 orc warriors
  2 phantoms
  3 black bears
  8 ogres
  4 ice beasts
  2 eyes of draining
  A necrophage (D:12)
  8 wolves
  11 crocodiles
  8 centaurs
  2 big kobolds
  Blork the orc (D:5)
  A gnoll sergeant (D:9)
  34 bullfrogs
  An earth elemental (Lab)
  3 scorpions
  8 wights
  A spriggan skeleton (Lab)
  An electric eel (Lair:1)
  5 howler monkeys
  4 crimson imps
  2 bullfrog zombies (D:12)
  5 lava snakes (Lair:3)
  5 hounds
  5 jellies
  A gnoll shaman (D:5)
  A centaur zombie (D:4)
  2 bullfrog skeletons
  Crazy Yiuf (D:4)
  20 orc priests
  34 orc wizards
  Natasha (thrice) (D:4)
  An iguana (D:11)
  30 worker ants
  A hound zombie (D:5)
  A hound skeleton (D:6)
  2 worker ant zombies
  A howler monkey skeleton (D:9)
  9 gnolls
  15 adders
  3 shadow imps
  An adder skeleton (D:7)
  3 worms
  9 leopard geckos
  81 orcs
  6 giant cockroaches
  3 goblins
  8 hobgoblins
  10 jackals
  2 quokkas (D:3)
  A ball python (D:3)
  7 bats
  2 frilled lizards
  A jackal skeleton (D:4)
  13 kobolds
  A leopard gecko zombie (D:8)
  5 rats
  9 fungi
  4 plants
755 creatures vanquished.

Vanquished Creatures (others)
  2 orc sorcerers (Orc:2)
  An orc warrior (D:14)
  2 centaurs (D:14)
  10 fungi
  34 plants
49 creatures vanquished.

Grand Total: 804 creatures vanquished

Notes
Turn   | Place    | Note
-------+----------+-------------------------------------------
     0 | D:1      | dvd the Demonspawn Fighter began the quest for the Orb.
     0 | D:1      | Reached XP level 1. HP: 18/18 MP: 1/1
   317 | D:1      | Gained mutation: You have sharp toenails. [demonic
                  | ancestry]
   317 | D:1      | Reached XP level 2. HP: 18/24 MP: 2/2
   611 | D:1      | Reached skill level 2 in Axes
   909 | D:2      | Found a snail-covered altar of Cheibriados.
   919 | D:2      | Became a worshipper of Cheibriados the Contemplative
  1475 | D:2      | Gained mutation: You have razor-sharp toenails. [demonic
                  | ancestry]
  1475 | D:2      | Reached XP level 3. HP: 29/29 MP: 3/3
  1762 | D:3      | Found a runed door.
  1863 | D:3      | Reached * piety under Cheibriados
  2196 | D:3      | Reached XP level 4. HP: 31/35 MP: 4/4
  2390 | D:3      | Reached skill level 1 in Invocations
  2493 | D:3      | Noticed OwlQaeda's ghost (amateur DsIE)
  2546 | D:4      | Noticed Natasha
  2559 | D:4      | Killed Natasha
  2634 | D:4      | Gained mutation: Your movements are slightly less
                  | encumbered by armour. (ER -2) [demonic ancestry]
  2634 | D:4      | Reached XP level 5. HP: 29/41 MP: 6/6
  2645 | D:4      | Reached ** piety under Cheibriados
  2674 | D:4      | Reached skill level 3 in Axes
  2713 | D:4      | Found Zuept's Assorted Antiques.
  2787 | D:4      | Found a burning altar of Makhleb.
  2787 | D:4      | Noticed Edmund
  2812 | D:4      | Killed Edmund
  2812 | D:4      | Gained mutation: You are slightly more attuned to the
                  | shadows. [demonic ancestry]
  2812 | D:4      | Reached XP level 6. HP: 29/48 MP: 3/8
  2838 | D:4      | Found a basalt altar of Yredelemnul.
  2844 | D:4      | Found a sacrificial altar of Ru.
  2987 | D:4      | Found a white marble altar of Elyvilon.
  3098 | D:4      | Found a runed door.
  3102 | D:4      | Noticed Crazy Yiuf
  3102 | D:4      | Noticed Natasha
  3110 | D:4      | Killed Natasha
  3117 | D:4      | Killed Crazy Yiuf
  3190 | D:4      | Noticed Natasha
  3197 | D:4      | Killed Natasha
  3233 | D:5      | Entered Level 5 of the Dungeon
  3240 | D:4      | Reached skill level 1 in Dodging
  3354 | D:4      | Reached skill level 1 in Maces & Flails
  3369 | D:4      | Gained mutation: Your movements are less encumbered by
                  | armour. (ER -4) [demonic ancestry]
  3369 | D:4      | Reached XP level 7. HP: 43/53 MP: 9/9
  3535 | D:5      | Reached skill level 4 in Axes
  3740 | D:5      | Found a runed door.
  3747 | D:5      | Noticed Bodigarde's ghost (novice HaHu)
  3900 | D:5      | Noticed Eustachio
  3931 | D:5      | Killed Eustachio
  3931 | D:5      | Reached skill level 1 in Stealth
  3931 | D:5      | Gained mutation: You sometimes gain a little power by
                  | taking damage. [demonic ancestry]
  3931 | D:5      | Reached XP level 8. HP: 32/60 MP: 11/11
  4122 | D:5      | Found a staircase to the Ecumenical Temple.
  4184 | D:5      | Noticed Blork the orc
  4207 | D:5      | Killed Blork the orc
  4207 | D:5      | Reached skill level 5 in Invocations
  4562 | D:5      | Killed Bodigarde's ghost
  4562 | D:5      | Reached skill level 5 in Shields
  4940 | D:6      | Reached *** piety under Cheibriados
  5714 | D:7      | Noticed Pikel
  5757 | D:7      | Reached XP level 9. HP: 20/66 MP: 8/13
  6086 | D:7      | Killed Pikel
  6421 | D:7      | Reached **** piety under Cheibriados
  6421 | D:7      | Reached skill level 5 in Axes
  6894 | D:8      | Found Siowkirph's Jewellery Shop.
  6946 | D:8      | Noticed a brown ugly thing
  6949 | D:8      | Found a radiant altar of Vehumet.
  6956 | D:8      | Killed a brown ugly thing
  6956 | D:8      | Reached skill level 5 in Fighting
  6956 | D:8      | Gained mutation: You sometimes gain power by taking damage.
                  | [demonic ancestry]
  6956 | D:8      | Reached XP level 10. HP: 59/74 MP: 14/16
  6956 | D:8      | Reached skill level 5 in Armour
  7489 | D:8      | Found Juseb's Assorted Antiques.
  7634 | D:8      | Reached skill level 6 in Axes
  7669 | D:8      | Found an opulent altar of Gozag.
  7971 | D:9      | Found a sparkling altar of Nemelex Xobeh.
  8136 | D:9      | Noticed Grum
  8156 | D:9      | Killed Grum
  8609 | D:10     | Entered Level 10 of the Dungeon
  8627 | D:10     | Found a runed door.
  8627 | D:10     | Noticed a two-headed ogre
  8639 | D:10     | Killed a two-headed ogre
  9287 | D:10     | Found Usahoweo's Weapon Boutique.
  9406 | D:10     | Noticed a two-headed ogre
  9420 | D:10     | Killed a two-headed ogre
  9420 | D:10     | Reached skill level 7 in Axes
  9420 | D:10     | Reached XP level 11. HP: 65/80 MP: 14/18
  9477 | D:10     | Reached ***** piety under Cheibriados
  9686 | D:10     | Found a roughly hewn altar of Beogh.
  9707 | D:10     | Identified a scroll of acquirement
  9810 | D:11     | Reached skill level 5 in Dodging
 10056 | D:11     | Reached skill level 10 in Invocations
 10078 | D:11     | Found a staircase to the Lair.
 10143 | D:11     | Got a blackened mace
 10144 | D:11     | Identified the +6 mace "Zeinn" {freeze, rC+} (You found it
                  | on level 11 of the Dungeon)
 10160 | D:11     | Got a shimmering copper ring
 10168 | D:11     | Identified the ring of Goufed {Str-5 Int+3 Dex+5 SInv} (You
                  | found it on level 11 of the Dungeon)
 10368 | D:11     | Learned a level 2 spell: Poisonous Vapours
 10393 | D:11     | Reached skill level 8 in Axes
 10404 | D:11     | Reached skill level 5 in Maces & Flails
 10819 | Lair:1   | Entered Level 1 of the Lair of Beasts
 11622 | Lair:2   | Noticed an eight-headed hydra
 11629 | Lair:2   | Found a labyrinth entrance.
 11634 | Lair:2   | HP: 3/81 [eight-headed hydra (3)]
 11636 | Lair:2   | Killed an eight-headed hydra
 11636 | Lair:2   | Gained mutation: Your movements are significantly less
                  | encumbered by armour. (ER -6) [demonic ancestry]
 11636 | Lair:2   | Reached XP level 12. HP: 2/88 MP: 5/20
 11642 | Lab      | Entered a labyrinth
 12430 | Lab      | Noticed a minotaur
 12441 | Lab      | Killed a minotaur
 12447 | Lab      | Identified the Tome of the Snowflakes and Earth
 12786 | Lair:2   | Noticed a queen ant
 12861 | Lair:2   | Killed a queen ant
 13315 | Lair:2   | Reached skill level 9 in Axes
 14031 | Lair:2   | You fall through a shaft for 2 floors!
 14527 | Lair:4   | Noticed Snorg
 14666 | Lair:4   | Noticed a four-headed hydra
 14758 | Lair:4   | Killed Snorg
 14761 | Lair:4   | HP: 4/91 [six-headed hydra (3)]
 15144 | Lair:3   | Reached skill level 5 in Stealth
 15245 | Lair:3   | Reached XP level 13. HP: 96/96 MP: 18/21
 15415 | Lair:3   | Reached skill level 1 in Spellcasting
 15415 | Lair:3   | Reached skill level 1 in Air Magic
 15446 | Lair:3   | Reached skill level 1 in Poison Magic
 15459 | Lair:3   | Found a staircase to the Shoals.
 15571 | Lair:3   | Reached skill level 10 in Axes
 15571 | Lair:3   | Reached skill level 10 in Shields
 16000 | Lair:3   | Learned a level 2 spell: Shroud of Golubria
 16005 | Lair:3   | Learned a level 4 spell: Olgreb's Toxic Radiance
 16060 | Lair:3   | Reached ****** piety under Cheibriados
 16620 | Lair:3   | Found a runed door.
 17072 | Lair:4   | Found a staircase to the Snake Pit.
 17667 | Lair:5   | Found a staircase to the Slime Pits.
 17668 | Lair:5   | Found a viscous altar of Jiyva.
 18105 | Lair:5   | Got a pair of transparent boots
 18116 | Lair:5   | Identified the +0 pair of boots of Integrity {-Cast SInv
                  | Stlth+} (You found it on level 5 of the Lair of Beasts)
 18341 | Lair:6   | Entered Level 6 of the Lair of Beasts
 18504 | Lair:6   | Reached skill level 1 in Translocations
 18881 | Lair:6   | Reached XP level 14. HP: 106/106 MP: 20/22
 19117 | Lair:6   | Learned a level 2 spell: Blink
 19121 | Lair:6   | Learned a level 3 spell: Stone Arrow
 19369 | Lair:6   | Reached skill level 1 in Conjurations
 19770 | Lair:6   | Reached skill level 11 in Axes
 20675 | D:12     | Found a staircase to the Orcish Mines.
 21132 | Orc:1    | Entered Level 1 of the Orcish Mines
 21311 | Orc:1    | Noticed Gastronok
 21324 | Orc:1    | Killed Gastronok
 21324 | Orc:1    | Reached skill level 5 in Spellcasting
 21609 | Orc:2    | Entered Level 2 of the Orcish Mines
 21619 | Orc:2    | Found a roughly hewn altar of Beogh.
 21874 | Orc:2    | Found a staircase to the Elven Halls.
 22138 | Orc:2    | Noticed an orc warlord
 22163 | Orc:2    | Killed an orc warlord
 22166 | Orc:2    | Gained mutation: Your magical capacity is low. (-10% MP)
                  | [potion of mutation]
 22166 | Orc:2    | Gained mutation: You are frail. (-10% HP) [potion of
                  | mutation]
 22166 | Orc:2    | Gained mutation: You have supernaturally acute eyesight.
                  | (SInv) [potion of mutation]
 22169 | Orc:2    | Reached skill level 5 in Poison Magic
 22660 | Orc:2    | Found Neom's General Store.
 22661 | Orc:2    | Found Aguor's Jewellery Emporium.
 22662 | Orc:2    | Found Seraij's Antique Armour Emporium.
 22662 | Orc:2    | Found Lijiaz's Antique Weapon Shoppe.
 22668 | Orc:2    | Bought the ring of Iwatun {rPois rF+ rN+ MP+9 Dex+2} for
                  | 512 gold pieces
 22673 | Orc:2    | Bought the ring of the Wild Haggis {Ice rN+ Dex+7} for 559
                  | gold pieces
 22684 | Orc:2    | Bought a crude shield for 256 gold pieces
 22694 | Orc:2    | Identified the +1 shield of Grot {rCorr Str+6 SInv Stlth-}
                  | (You bought it in a shop on level 2 of the Orcish Mines)
 22699 | Orc:2    | Bought a transparent morningstar for 288 gold pieces
 22699 | Orc:2    | Identified the cursed +1 morningstar of Ashenzari's Fury
                  | {crush, Str+6 Int-3} (You bought it in a shop on level 2 of
                  | the Orcish Mines)
 22703 | Orc:2    | Bought a faintly humming ring mail for 243 gold pieces
 22713 | Orc:2    | Identified the +0 ring mail of Death's Door {rF++ Int+4}
                  | (You bought it in a shop on level 2 of the Orcish Mines)
 23211 | D:13     | Noticed an orc warlord
 23235 | D:13     | Killed an orc warlord
 23235 | D:13     | Reached skill level 1 in Charms
 23235 | D:13     | Reached XP level 15. HP: 88/101 MP: 13/21
 23459 | D:13     | Found a roughly hewn altar of Beogh.
 23654 | D:13     | Noticed Erolcha
 23662 | D:13     | Killed Erolcha
 24162 | D:14     | Found a shadowy altar of Dithmenos.
 24358 | D:14     | Found a shimmering altar of Xom.
 24615 | D:14     | Found a gate to the Vaults.
 24903 | D:14     | Reached skill level 12 in Axes
 24912 | D:14     | Killed from afar by a war gargoyle

Skill      XL: |  1  2  3  4  5  6  7  8  9 10 11 12 13 14 15 |
---------------+----------------------------------------------+-----
Axes           | 2 3 4 5 7 8 9 10 11 12 | 12.0
Shields        | 3 4 5 6 7 8 9 10 11 | 11.4
Armour         | 3 4 5 6 7 8 |  8.2
Invocations    | 1 2 3 4 6 8 9 10 11 | 11.9
Dodging        | 1 2 3 4 5 6 7 |  7.1
Maces & Flails | 1 2 3 4 5 |  5.8
Fighting       | 4 5 6 7 8 9 |  9.3
Stealth        | 1 2 3 4 5 |  5.6
Spellcasting   | 3 5 6 |  6.8
Air Magic      | 2 3 |  3.7
Poison Magic   | 3 5 6 |  6.0
Translocations | 1 2 |  2.6
Conjurations   | 1 |  1.3
Charms         | 1 |  1.0
Throwing       | |  0.9
Earth Magic    | |  0.3
Evocations     | |  0.3

Action                   |  1- 3 |  4- 6 |  7- 9 | 10-12 | 13-15 || total
-------------------------+-------+-------+-------+-------+-------++-------
Melee: War axe           |   141 |   107 |    34 |       |    24 ||   306
       Kick              |    24 |     5 |       |       |       ||    29
       Flail             |       |    37 |   164 |    21 |       ||   222
       Hand axe          |       |       |    82 |   603 |   799 ||  1484
       Mace              |       |       |       |    71 |    70 ||   141
Throw: Tomahawk          |       |       |       |     6 |     2 ||     8
       Javelin           |       |       |       |     3 |       ||     3
 Cast: Poisonous Vapours |       |       |       |     5 |   135 ||   140
       Shroud of Golubri |       |       |       |       |    24 ||    24
       Olgreb's Toxic Ra |       |       |       |       |    38 ||    38
       Stone Arrow       |       |       |       |       |    16 ||    16
       Blink             |       |       |       |       |     7 ||     7
Invok: Bend Time         |       |     1 |     3 |    13 |     6 ||    23
       Temporal Distorti |       |       |     2 |       |       ||     2
       Slouch            |       |       |       |     5 |     8 ||    13
       Step From Time    |       |       |       |     1 |       ||     1
Evoke: Wand              |       |       |     2 |     5 |       ||     7
  Use: Scroll            |       |       |    19 |    12 |    10 ||    41
       Potion            |       |       |    11 |     4 |     6 ||    21
 Stab: Sleeping          |       |     2 |    12 |    25 |     8 ||    47
       Confused          |       |       |     3 |       |       ||     3
       Invisible         |       |       |       |     5 |       ||     5
       Distracted        |       |       |       |       |     1 ||     1
  Eat: Chunk             |     4 |     2 |     7 |    21 |    29 ||    63
       Ration            |       |       |       |     1 |       ||     1
Armor: Chain mail        |   104 |    40 |       |       |    57 ||   201
       Ring mail         |       |    26 |   148 |   172 |    97 ||   443
Dodge: Dodged            |    40 |    28 |   147 |   309 |   321 ||   845
Block: Shield            |    87 |   105 |   272 |   433 |   751 ||  1648
       Reflection        |       |       |     4 |     2 |    40 ||    46
       Buckler           |       |       |       |    98 |       ||    98
